[Event "ICC tourney 2501 (45 10)"]
[Site "Internet Chess Club"]
[Date "2021.04.10"]
[Round "2"]
[White "HEBDEN, MARK L:mhebden"]
[Black "SRINIVASAN, HEMANT:Blixiron"]
[Result "1-0"]
[ICCResult "Black resigns"]
[WhiteElo "2503"]
[BlackElo "2073"]
[Opening "QGD: Tartakower (Makagonov-Bondarevsky) system"]
[ECO "D58"]
[NIC "QO.10"]
[Time "13:31:28"]
[PlyCount "79"]
[TimeControl "2700+10"]

1. d4 d5 2. Nf3 Nf6 3. c4 e6 4. Bg5 Be7 5. e3 h6 6. Bh4 O-O 7. Nc3 b6 8.
Bd3 Bb7 9. O-O Nbd7 10. Bg3 c5 11. cxd5 Nxd5 12. e4 Nb4 13. Bb5 Nf6 14. a3
a6 15. Be2 cxd4 16. Nxd4 Nc6 17. Nxc6 Bxc6 18. Qc2 Qd7 19. Rac1 Qb7 20. Bf3
Rac8 21. e5 Nd7 22. Bxc6 Rxc6 23. Qe4 Nc5 24. Qf3 Qc8 25. Rcd1 Rc7 26. b4
Nb7 27. Ne4 Rd8 28. Bf4 Rxd1 29. Rxd1 Rd7 30. Re1 Qd8 31. Qg4 Kh8 32. Qh5
a5 33. h3 Rd3 34. Bxh6 g6 35. Qg4 axb4 36. axb4 Bxb4 37. Bg5 Bxe1 38. Qh4+
Kg8 39. Bxd8 Rxd8 40. Qh6 { Black resigns } 1-0

[Event "ICC tourney 2501 (45 10)"]
[Site "Internet Chess Club"]
[Date "2021.04.10"]
[Round "2"]
[White "SLADE, THEODORE LUKE:MrNormalName"]
[Black "Qiao, Ethan:CougarForest"]
[Result "1-0"]
[ICCResult "Black resigns"]
[WhiteElo "2163"]
[BlackElo "1528"]
[Opening "Grünfeld: exchange, Sokolsky variation"]
[ECO "D89"]
[NIC "GI.05"]
[Time "13:31:36"]
[PlyCount "77"]
[TimeControl "2700+10"]

1. d4 Nf6 2. c4 g6 3. Nc3 d5 4. cxd5 Nxd5 5. e4 Nxc3 6. bxc3 Bg7 7. Bc4 c5
8. Ne2 Nc6 9. Be3 O-O 10. O-O Na5 11. Bd3 Bg4 12. f3 cxd4 13. cxd4 Be6 14.
d5 Bxa1 15. Qxa1 f6 16. Bh6 Re8 17. f4 Bxd5 18. exd5 Qxd5 19. Rf3 Rad8 20.
f5 Qc5+ 21. Kh1 Rd6 22. fxg6 Rxd3 23. Rxd3 Qh5 24. gxh7+ Kh8 25. Qe1 Qxh6
26. Qxa5 b6 27. Qxa7 f5 28. Qd7 Qf8 29. Nf4 Qf7 30. Qe6 Qxe6 31. Nxe6 Kxh7
32. Rd8 Rxd8 33. Nxd8 e5 34. Nf7 e4 35. Nd6 Kg6 36. Nc4 f4 37. Kg1 Kf5 38.
Nxb6 e3 39. a4 { Black resigns } 1-0

[Event "ICC tourney 2501 (45 10)"]
[Site "Internet Chess Club"]
[Date "2021.04.10"]
[Round "2"]
[White "Reiss, Aiden:Aidenrchess"]
[Black "WU, WILLIAM:chessw23"]
[Result "1-0"]
[ICCResult "Black forfeits on time"]
[WhiteElo "1853"]
[BlackElo "1938"]
[Opening "Ruy Lopez: fianchetto (Smyslov/Barnes) defense"]
[ECO "C60"]
[NIC "RL.03"]
[Time "13:31:29"]
[PlyCount "119"]
[TimeControl "2700+10"]

1. e4 e5 2. Nf3 Nc6 3. Bb5 g6 4. c3 Bg7 5. d4 exd4 6. cxd4 a6 7. Ba4 b5 8.
Bc2 d6 9. h3 Nge7 10. O-O O-O 11. Nc3 h6 12. Be3 f5 13. d5 Ne5 14. Nxe5
dxe5 15. Bc5 Re8 16. Bb3 Kh8 17. d6 cxd6 18. Bxd6 Qd7 19. Qd2 Rd8 20. Rad1
Bb7 21. Qe3 Qe8 22. Bxe5 g5 23. Qb6 Bc6 24. Bxg7+ Kxg7 25. exf5 Nxf5 26.
Rde1 Ne7 27. Qc7 Rd7 28. Qe5+ Kh7 29. Qf6 Qf8 30. Bc2+ Kg8 31. Bb3+ Kh7 32.
Rxe7+ Qxe7 33. Qxc6 Rad8 34. Nd5 Qd6 35. Qc3 Rf8 36. Qd3+ Kg7 37. Qd4+ Kh7
38. Rd1 Rg7 39. Qe4+ Qg6 40. Qe2 Kh8 41. Re1 Qd6 42. Ne3 Re8 43. Qh5 Rf8
44. Ng4 Rh7 45. Re6 Qd3 46. Rxh6 Qf5 47. Rxh7+ Qxh7 48. Qxg5 Qg7 49. Qh5+
Qh7 50. Qe5+ Qg7 51. h4 Qxe5 52. Nxe5 Kg7 53. g3 Re8 54. Nf3 Re2 55. h5
Rxb2 56. g4 a5 57. Bd5 b4 58. g5 a4 59. h6+ Kh7 60. Be4+ { Black forfeits
on time } 1-0

[Event "ICC tourney 2501 (45 10)"]
[Site "Internet Chess Club"]
[Date "2021.04.10"]
[Round "2"]
[White "JIANG, LUCAS:xx99754539"]
[Black "REMPE, JONAS JAKOB RAZA:Drachekokosnuss"]
[Result "0-1"]
[ICCResult "White resigns"]
[WhiteElo "1908"]
[BlackElo "2100"]
[Opening "Ruy Lopez: closed defense"]
[ECO "C84"]
[NIC "RL.13"]
[Time "13:31:31"]
[PlyCount "88"]
[TimeControl "2700+10"]

1. e4 e5 2. Nf3 Nc6 3. Bb5 a6 4. Ba4 Nf6 5. O-O Be7 6. d3 b5 7. Bb3 O-O 8.
Nc3 d6 9. a3 Na5 10. Ba2 c5 11. Be3 Nc6 12. Ne2 Be6 13. Ng3 d5 14. exd5
Nxd5 15. Ne4 Nxe3 16. fxe3 Bxa2 17. Rxa2 f5 18. Ng3 f4 19. exf4 exf4 20.
Ne4 Nd4 21. c3 Nf5 22. Qb3+ Kh8 23. Ne5 c4 24. dxc4 Qc7 25. Nf3 bxc4 26.
Qa4 Qb7 27. Re1 Ne3 28. Nf2 Bc5 29. b4 cxb3 30. Rb2 Rab8 31. Kh1 Bxa3 32.
Qxa3 Nc4 33. Qa1 Nxb2 34. Qxb2 Rfe8 35. Rb1 Qe7 36. Nd3 a5 37. Re1 Qd6 38.
Nde5 Qd5 39. Qb1 b2 40. Qf5 Qb3 41. Ng5 b1=Q 42. Ngf7+ Kg8 43. Nh6+ gxh6
44. Qg4+ Kh8 { White resigns } 0-1

[Event "ICC tourney 2501 (45 10)"]
[Site "Internet Chess Club"]
[Date "2021.04.10"]
[Round "2"]
[White "JIANG, LEYOU:karuto2006"]
[Black "SHARMA, VISHRUTH:VishyNo1"]
[Result "1-0"]
[ICCResult "Black resigns"]
[WhiteElo "1891"]
[BlackElo "2081"]
[Opening "Ruy Lopez: Marshall, main line, 14...Qh3"]
[ECO "C89"]
[NIC "RL.17"]
[Time "13:31:38"]
[PlyCount "87"]
[TimeControl "2700+10"]

1. e4 e5 2. Nf3 Nc6 3. Bb5 a6 4. Ba4 Nf6 5. O-O Be7 6. Re1 b5 7. Bb3 O-O 8.
c3 d5 9. exd5 Nxd5 10. Nxe5 Nxe5 11. Rxe5 c6 12. d4 Bd6 13. Re1 Qh4 14. g3
Qh3 15. Bxd5 cxd5 16. Qf3 Be6 17. Bf4 Rae8 18. Nd2 Be7 19. Nb3 g5 20. Bc7
Rc8 21. Bb6 Qh6 22. Bc5 g4 23. Qe3 Qxe3 24. Rxe3 Bxc5 25. Nxc5 Rc6 26. Rae1
Bc8 27. Nd3 a5 28. Re5 Rd8 29. Nf4 Rcd6 30. Rxd5 Rxd5 31. Nxd5 Be6 32. Ne3
Kg7 33. d5 Bd7 34. f3 gxf3 35. Kf2 f5 36. Kxf3 Kf6 37. Ng2 Be8 38. Re6+ Kg7
39. Nf4 Bf7 40. Ra6 a4 41. Ra7 Kf6 42. Ra6+ Ke5 43. Nd3+ Kxd5 44. Nb4+ {
Black resigns } 1-0

[Event "ICC tourney 2501 (45 10)"]
[Site "Internet Chess Club"]
[Date "2021.04.10"]
[Round "2"]
[White "WANG, ALEXANDER J:ickyquarter"]
[Black "Massick, Laine:Laine23"]
[Result "1/2-1/2"]
[ICCResult "Game drawn by mutual agreement"]
[WhiteElo "2077"]
[BlackElo "1967"]
[Opening "Sicilian: Kan, 5.Nc3"]
[ECO "B43"]
[NIC "SI.41"]
[Time "13:31:27"]
[PlyCount "153"]
[TimeControl "2700+10"]

1. e4 c5 2. Nf3 e6 3. d4 cxd4 4. Nxd4 a6 5. Nc3 Qc7 6. g3 Bb4 7. Ne2 Nf6 8.
Bg2 O-O 9. O-O Nc6 10. h3 d6 11. Be3 Rd8 12. a3 Bc5 13. Nd4 h6 14. Nxc6
bxc6 15. Bxc5 dxc5 16. Qe2 e5 17. Rfd1 Be6 18. Qe3 Rab8 19. b3 Rd4 20. Ne2
Rxd1+ 21. Rxd1 c4 22. b4 a5 23. Qc3 Nd7 24. Nc1 axb4 25. axb4 Qb6 26. Na2
Qa6 27. Qb2 f6 28. Rd6 Nf8 29. Kh2 Qb6 30. c3 Bf7 31. Qc2 Ne6 32. Nc1 Nc7
33. Rd2 Nb5 34. Bf3 c5 35. bxc5 Qxc5 36. Kg2 Be8 37. Ne2 Ra8 38. Rd5 Qb6
39. Qb2 Qa5 40. Rc5 Qa4 41. Qd2 Bf7 42. Qd7 Be8 43. Qd5+ Bf7 44. Qb7 Be8
45. Rxc4 Qxc4 46. Qxa8 Kf8 47. Bh5 Nc7 48. Qa3+ Kg8 49. Bf3 Bc6 50. Qb4
Qxb4 51. cxb4 Na6 52. b5 Bxb5 53. Nc3 Bc6 54. Be2 Nc5 55. f3 Kf7 56. Bc4+
Ke7 57. Kf2 Kd6 58. Ke3 Bd7 59. g4 Be6 60. Bb5 Bd7 61. Bxd7 Kxd7 62. Ne2
Ne6 63. h4 Kd6 64. Ng3 g6 65. h5 gxh5 66. Nxh5 Ke7 67. Kf2 Kf7 68. Ng3 Kg6
69. Nh5 Kf7 70. Kg3 Kg6 71. Kg2 Kf7 72. Kf2 Kg6 73. Ke3 Kg5 74. Kf2 Kg6 75.
Ke2 Kf7 76. Ke3 Kg6 77. f4 { Game drawn by mutual agreement } 1/2-1/2

[Event "ICC tourney 2501 (45 10)"]
[Site "Internet Chess Club"]
[Date "2021.04.10"]
[Round "2"]
[White "Jin, Xiaodong:SuperWJ"]
[Black "JIANG, BRANDON:BranKing"]
[Result "0-1"]
[ICCResult "White resigns"]
[WhiteElo "1876"]
[BlackElo "2044"]
[Opening "King's Indian: Andersson variation"]
[ECO "E92"]
[NIC "KI.18"]
[Time "13:31:29"]
[PlyCount "90"]
[TimeControl "2700+10"]

1. d4 Nf6 2. c4 g6 3. Nc3 Bg7 4. e4 d6 5. Nf3 O-O 6. Be2 e5 7. dxe5 dxe5 8.
Qxd8 Rxd8 9. Bg5 Re8 10. Nd5 Nxd5 11. cxd5 f5 12. Rc1 c6 13. Bc4 Kh8 14.
Nd2 f4 15. f3 h6 16. Bh4 g5 17. Bf2 g4 18. Ke2 Bd7 19. a4 gxf3+ 20. gxf3
cxd5 21. Bxd5 Nc6 22. b4 Nxb4 23. Bxb7 Rab8 24. Rc7 Bxa4 25. Bxa7 Bb5+ 26.
Kf2 Rbd8 27. Bd5 Bf6 28. h4 Nxd5 29. exd5 Rxd5 30. Ne4 Bd8 31. Rf7 Bd3 32.
Nf6 Bxf6 33. Rxf6 Kg7 34. Rc6 Re7 35. Rg1+ Kh7 36. Bb6 Bf5 37. Rgc1 Rd2+
38. Ke1 Rh2 39. Rc7 Bd7 40. Bf2 Rg7 41. Rd1 Rh1+ 42. Ke2 Rxd1 43. Kxd1 Ba4+
44. Rc2 Bxc2+ 45. Kxc2 Rg2 { White resigns } 0-1

[Event "ICC tourney 2501 (45 10)"]
[Site "Internet Chess Club"]
[Date "2021.04.10"]
[Round "2"]
[White "Clasby, Derek:wolverine54"]
[Black "YE, LUKE SICONG:lukeye"]
[Result "1-0"]
[ICCResult "Black forfeits on time"]
[WhiteElo "2312"]
[BlackElo "2067"]
[Opening "Sicilian: Najdorf"]
[ECO "B90"]
[NIC "SI.14"]
[Time "13:31:35"]
[PlyCount "67"]
[TimeControl "2700+10"]

1. e4 c5 2. Nf3 d6 3. d4 cxd4 4. Nxd4 Nf6 5. Nc3 a6 6. f3 e6 7. Be3 h5 8.
Qd2 Be7 9. Be2 b6 10. O-O-O b5 11. a3 Bb7 12. Rhg1 Nbd7 13. Nb3 Rc8 14. h3
d5 15. exd5 Bxd5 16. Kb1 b4 17. Nxd5 Nxd5 18. a4 Nxe3 19. Qxe3 Rc6 20. Qe4
Qc8 21. g4 Nf6 22. Qd3 Nd5 23. Na5 Rc5 24. Nb3 Rc6 25. Nd4 Rd6 26. Qb3 h4
27. Nf5 Rc6 28. Rxd5 exd5 29. Bd3 g6 30. Nxe7 Kxe7 31. Qxb4+ Kd7 32. Qf4
Qe8 33. Qd4 Kc8 34. Qa7 { Black forfeits on time } 1-0

[Event "ICC tourney 2501 (45 10)"]
[Site "Internet Chess Club"]
[Date "2021.04.10"]
[Round "2"]
[White "Wang, Eigen:eigenator"]
[Black "LIVNE, OREN:orenlivne"]
[Result "1-0"]
[ICCResult "Black resigns"]
[WhiteElo "2357"]
[BlackElo "2026"]
[Opening "Sicilian: accelerated fianchetto, Maróczy bind"]
[ECO "B36"]
[NIC "SI.33"]
[Time "13:31:28"]
[PlyCount "97"]
[TimeControl "2700+10"]

1. e4 c5 2. Nf3 Nc6 3. d4 cxd4 4. Nxd4 g6 5. c4 Nf6 6. Nc3 d6 7. Be2 Nxd4
8. Qxd4 Bg7 9. O-O O-O 10. Qd3 Be6 11. Be3 Nd7 12. b3 Nc5 13. Qc2 Bxc3 14.
Qxc3 Nxe4 15. Qd4 Nf6 16. Bf3 Qc7 17. Bg5 Kg7 18. a4 a6 19. Rfc1 Rfd8 20.
b4 Rab8 21. b5 h6 22. Be3 Rdc8 23. Qd2 h5 24. Bd4 Kh7 25. h3 Qd7 26. Qf4
Ng8 27. g4 hxg4 28. hxg4 f6 29. c5 dxc5 30. Bxc5 axb5 31. axb5 Qxb5 32.
Bxe7 Qd7 33. Bd6 Rxc1+ 34. Rxc1 Rc8 35. Rb1 b5 36. Kg2 Rc4 37. Rh1+ Kg7 38.
Qh2 Kf7 39. Qh7+ Ke8 40. Qxg6+ Qf7 41. Qd3 f5 42. g5 Qd7 43. Re1 Kd8 44.
Qa3 Ra4 45. Qc5 Ne7 46. Qb6+ Ke8 47. Bh5+ Kf8 48. Qb8+ Qc8 49. Bxe7+ {
Black resigns } 1-0

[Event "ICC tourney 2501 (45 10)"]
[Site "Internet Chess Club"]
[Date "2021.04.10"]
[Round "2"]
[White "Wang, Luke:HostilePear"]
[Black "YAN, NATHAN:Natey"]
[Result "1-0"]
[ICCResult "Black checkmated"]
[WhiteElo "1969"]
[BlackElo "1889"]
[Opening "English: Anglo-Grünfeld, Smyslov defense"]
[ECO "A15"]
[NIC "EO.53"]
[Time "13:31:33"]
[PlyCount "109"]
[TimeControl "2700+10"]

1. c4 Nf6 2. g3 g6 3. Bg2 d5 4. cxd5 Nxd5 5. Nc3 Nxc3 6. bxc3 Bg7 7. Nf3
O-O 8. O-O c5 9. Qc2 Nc6 10. Rb1 Qc7 11. d3 b6 12. Bb2 Bb7 13. d4 Rad8 14.
Rfd1 e6 15. e4 Na5 16. Qe2 Rfe8 17. Ba3 cxd4 18. cxd4 Qc4 19. Qe3 Qxa2 20.
Rb2 Qc4 21. Bf1 Qa4 22. Rdd2 Nc4 23. Bxc4 Qxc4 24. Rbc2 Qa4 25. Rc7 Bxe4
26. Ng5 Bf5 27. Nxf7 Rd7 28. Rxd7 Qxd7 29. Nd6 Rb8 30. Qf4 Rd8 31. d5 exd5
32. Rxd5 Qe6 33. Nxf5 Rxd5 34. Ne7+ Qxe7 35. Bxe7 Rd4 36. Qb8+ Kf7 37. Qxa7
Rd1+ 38. Kg2 Ra1 39. Ba3+ Ke8 40. Qb8+ Kd7 41. Qb7+ Ke6 42. Qxb6+ Kf5 43.
Qc5+ Ke4 44. Qe7+ Kd3 45. Qxg7 Rxa3 46. Qxh7 Ra6 47. Qd7+ Ke4 48. Qb7+ Kf5
49. Qxa6 Kg5 50. Qe6 Kh6 51. Qf7 Kg5 52. f4+ Kh6 53. h4 Kh5 54. Qh7+ Kg4
55. Qxg6# { Black checkmated } 1-0

[Event "ICC tourney 2501 (45 10)"]
[Site "Internet Chess Club"]
[Date "2021.04.10"]
[Round "2"]
[White "AHMED, SYED IBRAHIM:mr-sosa"]
[Black "CHEN, RYO WENYU:e4f5"]
[Result "1/2-1/2"]
[ICCResult "Game drawn by repetition"]
[WhiteElo "2086"]
[BlackElo "2301"]
[Opening "King's Indian, 3.Nf3"]
[ECO "E60"]
[NIC "KI.80"]
[Time "13:31:35"]
[PlyCount "104"]
[TimeControl "2700+10"]

1. d4 Nf6 2. c4 g6 3. Nf3 Bg7 4. e3 O-O 5. Be2 d6 6. Nc3 Nbd7 7. O-O e5 8.
Qc2 Qe7 9. Rd1 e4 10. Nd2 Re8 11. b4 Nf8 12. a4 Bf5 13. a5 h5 14. b5 Ne6
15. Nb3 Ng5 16. Bf1 Bg4 17. Ne2 Qd7 18. Nd2 h4 19. h3 Bf5 20. Bb2 Nf3+ 21.
Kh1 Nxd2 22. Qxd2 d5 23. Rdc1 g5 24. Ng1 g4 25. a6 bxa6 26. Rxa6 dxc4 27.
Rxc4 gxh3 28. Nxh3 Qxb5 29. Ra5 Qd7 30. Rcc5 Bxh3 31. gxh3 Nh7 32. Qc2 Qd6
33. Rc6 Qb4 34. Bc3 Qe7 35. Bb2 Qb4 36. Ra4 Qe7 37. Rxc7 Qf6 38. Bg2 Ng5
39. Rc6 Qf5 40. Rc5 Qg6 41. Raa5 Nf3 42. Bxf3 exf3 43. Qxg6 fxg6 44. Rc7
Rab8 45. Raxa7 Bf8 46. Ba3 Rb1+ 47. Kh2 Bxa3 48. Rg7+ Kh8 49. Rh7+ Kg8 50.
Rhg7+ Kh8 51. Rh7+ Kg8 52. Rhg7+ Kh8 { Game drawn by repetition } 1/2-1/2

[Event "ICC tourney 2501 (45 10)"]
[Site "Internet Chess Club"]
[Date "2021.04.10"]
[Round "3"]
[White "SHEEHAN, ETHAN THOMAS:Chessking2008"]
[Black "Wang, Luke:HostilePear"]
[Result "1-0"]
[ICCResult "Black checkmated"]
[WhiteElo "2220"]
[BlackElo "1969"]
[Opening "English: Mikenas-Carls variation"]
[ECO "A18"]
[NIC "EO.57"]
[Time "16:01:40"]
[PlyCount "103"]
[TimeControl "2700+10"]

1. c4 Nf6 2. Nc3 e6 3. e4 d5 4. cxd5 exd5 5. e5 d4 6. exf6 dxc3 7. Bb5+ c6
8. Qe2+ Be6 9. Bc4 Qxf6 10. dxc3 Be7 11. Bxe6 Qxe6 12. Qxe6 fxe6 13. Nf3
Nd7 14. O-O Kf7 15. Be3 Rhe8 16. Rfd1 Nf6 17. Ng5+ Kg8 18. Nxe6 Rac8 19.
Nf4 b6 20. h3 Kf7 21. a4 c5 22. Nd5 Red8 23. Nxe7 Kxe7 24. Kf1 Nd5 25. Bg5+
Nf6 26. Ke2 h6 27. Bxf6+ Kxf6 28. Rxd8 Rxd8 29. Rd1 Re8+ 30. Kf3 Re7 31.
Rd5 Ke6 32. c4 Rf7+ 33. Ke3 g5 34. g3 Re7 35. f4 gxf4+ 36. gxf4 Rg7 37. Kf2
Rf7 38. Kf3 Rg7 39. Rh5 Rg1 40. Rxh6+ Kf7 41. Rh7+ Kf6 42. Rxa7 Rb1 43. Ra6
Rxb2 44. a5 Rb3+ 45. Kg4 Rc3 46. axb6 Rxc4 47. b7+ Ke7 48. b8=Q Rxf4+ 49.
Qxf4 c4 50. Qd6+ Kf7 51. Ra7+ Ke8 52. Qb8# { Black checkmated } 1-0

[Event "ICC tourney 2501 (45 10)"]
[Site "Internet Chess Club"]
[Date "2021.04.10"]
[Round "3"]
[White "SHANKAR, ADEETHYIA:adchess"]
[Black "LIANG, ETHAN Y:ELCCEthan488"]
[Result "1-0"]
[ICCResult "Black checkmated"]
[WhiteElo "2039"]
[BlackElo "1811"]
[Opening "Queen's bishop game"]
[ECO "D02"]
[NIC "QP.08"]
[Time "16:01:39"]
[PlyCount "41"]
[TimeControl "2700+10"]

1. d4 d5 2. Nf3 Nf6 3. Bf4 c5 4. dxc5 Nc6 5. Nbd2 e6 6. Nb3 Ne4 7. e3 g5 8.
Bg3 h5 9. Bd3 Nxc5 10. Nxc5 Bxc5 11. h3 Qf6 12. c3 g4 13. hxg4 hxg4 14.
Rxh8+ Qxh8 15. Nd4 Qh1+ 16. Kd2 Qxd1+ 17. Rxd1 Nxd4 18. exd4 Be7 19. Rh1 b6
20. Rh8+ Kd7 21. Bb5# { Black checkmated } 1-0

[Event "ICC tourney 2501 (45 10)"]
[Site "Internet Chess Club"]
[Date "2021.04.10"]
[Round "3"]
[White "HU, MERRIC:edmehu"]
[Black "QIN, VINCENT:VQinchess"]
[Result "1-0"]
[ICCResult "Black resigns"]
[WhiteElo "2197"]
[BlackElo "1855"]
[Opening "Sicilian defense"]
[ECO "B20"]
[NIC "SI.48"]
[Time "16:02:12"]
[PlyCount "67"]
[TimeControl "2700+10"]

1. e4 c5 2. b3 Nf6 3. e5 Nd5 4. Bb2 e6 5. Nf3 Nc6 6. Bb5 Be7 7. O-O O-O 8.
Nc3 a6 9. Bxc6 dxc6 10. Ne4 Bd7 11. c4 Nb4 12. d4 Rc8 13. a3 cxd4 14. axb4
Bxb4 15. Qxd4 Be7 16. Rfd1 Rc7 17. Nf6+ gxf6 18. exf6 Bxf6 19. Qxf6 Qxf6
20. Bxf6 c5 21. Be5 Rfc8 22. Bxc7 Rxc7 23. Ne5 Bc6 24. Nxc6 Rxc6 25. Rd7
Rb6 26. Rd3 Rb4 27. Ra5 b5 28. cxb5 axb5 29. h3 c4 30. bxc4 bxc4 31. Rc3
Kf8 32. Rc5 f6 33. R5xc4 Kf7 34. Rxb4 { Black resigns } 1-0

[Event "ICC tourney 2501 (45 10)"]
[Site "Internet Chess Club"]
[Date "2021.04.10"]
[Round "3"]
[White "MARKOVIC, GORAN:Goran21"]
[Black "CHAN, MATTHEW M:mmchan"]
[Result "1-0"]
[ICCResult "Black resigns"]
[WhiteElo "1989"]
[BlackElo "1925"]
[Opening "English, 1...Nf6 (Anglo-Indian defense)"]
[ECO "A15"]
[NIC "EO.13"]
[Time "16:01:31"]
[PlyCount "137"]
[TimeControl "2700+10"]

1. c4 Nf6 2. g3 g6 3. Bg2 Bg7 4. Nf3 d6 5. O-O O-O 6. Nc3 e5 7. d3 Nc6 8.
Rb1 a5 9. a3 Bg4 10. h3 Bxf3 11. Bxf3 Qc8 12. Bg2 Nd4 13. e3 Ne6 14. e4 Nd4
15. Ne2 c5 16. Nxd4 cxd4 17. a4 Nd7 18. f4 Nc5 19. f5 f6 20. h4 Qe8 21. b3
h6 22. fxg6 Qxg6 23. Kh2 f5 24. exf5 Rxf5 25. Ba3 Rxf1 26. Qxf1 Rf8 27.
Bd5+ Kh8 28. Qe2 b6 29. Bxc5 dxc5 30. Be4 Qf6 31. Kg2 Qe7 32. Qg4 Qf7 33.
Kh3 Qf6 34. Re1 Qf7 35. Bd5 Qf5 36. Qxf5 Rxf5 37. Kg2 Rf8 38. Rf1 Rxf1 39.
Kxf1 Bf6 40. Ke2 Kg7 41. Kf3 Bd8 42. Ke4 Kf6 43. Bb7 Ke6 44. Bc8+ Kd6 45.
Kf5 Be7 46. Bb7 Bf8 47. Kf6 Kc7 48. Be4 Kd6 49. Kf7 Be7 50. Kg7 Ke6 51.
Kxh6 Kf7 52. Bd5+ Kf8 53. Kg6 Bd6 54. Be4 Kg8 55. h5 Bf8 56. g4 Kh8 57. Kf6
Bg7+ 58. Kf7 Bh6 59. Ke6 Bf4 60. Kd6 Kg7 61. Kc6 Kf6 62. Kxb6 Kg5 63. Kxc5
Kxg4 64. Kd5 Kxh5 65. c5 Bg5 66. c6 Bd8 67. Kd6 Kg4 68. c7 Bxc7+ 69. Kxc7 {
Black resigns } 1-0

[Event "ICC tourney 2501 (45 10)"]
[Site "Internet Chess Club"]
[Date "2021.04.10"]
[Round "3"]
[White "POTHURI, ABHIRAM:chessasp"]
[Black "KUNKA, HARSHID:ChessKidA8"]
[Result "0-1"]
[ICCResult "White checkmated"]
[WhiteElo "1980"]
[BlackElo "2232"]
[Opening "French: Tarrasch, closed variation, main line"]
[ECO "C06"]
[NIC "FR.17"]
[Time "16:01:33"]
[PlyCount "134"]
[TimeControl "2700+10"]

1. e4 e6 2. d4 d5 3. Nd2 Nf6 4. e5 Nfd7 5. Bd3 c5 6. c3 Nc6 7. Ne2 cxd4 8.
cxd4 f6 9. exf6 Nxf6 10. Nf3 Bd6 11. O-O Qc7 12. Bg5 O-O 13. Ng3 Bd7 14.
Rc1 Qb6 15. Re1 Ng4 16. Be3 Nxe3 17. Bxh7+ Kh8 18. fxe3 Bxg3 19. hxg3 Rxf3
20. Qxf3 Kxh7 21. Qf7 Qd8 22. g4 Qe8 23. Rf1 Qxf7 24. Rxf7 Rd8 25. g3 Kg6
26. Rcf1 e5 27. dxe5 Nxe5 28. Re7 Nc6 29. Ref7 b6 30. Kg2 Ne5 31. Re7 Re8
32. Rxe8 Bxe8 33. Rf8 Bc6 34. Kf1 Nxg4 35. Rc8 Bb5+ 36. Ke1 Nxe3 37. Rc7 a6
38. Rb7 d4 39. Rxb6+ Kf5 40. Rb7 g5 41. Rf7+ Ke4 42. Kd2 Nf1+ 43. Kd1 Nxg3
44. Rg7 Kf4 45. Rf7+ Nf5 46. Rf6 g4 47. Rg6 g3 48. Kd2 Be8 49. Rg8 Bf7 50.
Rc8 g2 51. Rc1 Bxa2 52. Kd3 Bd5 53. b4 Be4+ 54. Kd2 Nh4 55. Ke2 Nf3 56. Kf2
g1=Q+ 57. Rxg1 Nxg1 58. Kxg1 Ke3 59. Kf1 Kd2 60. Kf2 d3 61. Kf1 Ke3 62. Ke1
Bf3 63. Kf1 d2 64. Kg1 d1=Q+ 65. Kh2 Qh1+ 66. Kg3 Qg2+ 67. Kh4 Qg4# { White
checkmated } 0-1

[Event "ICC tourney 2501 (45 10)"]
[Site "Internet Chess Club"]
[Date "2021.04.10"]
[Round "3"]
[White "QUIRKE, JEFFREY L:PawnEatingZombi"]
[Black "AHMED, SYED IBRAHIM:mr-sosa"]
[Result "1-0"]
[ICCResult "Black resigns"]
[WhiteElo "2201"]
[BlackElo "2086"]
[Opening "QGD semi-Slav: Stoltz variation"]
[ECO "D45"]
[NIC "SL.08"]
[Time "16:01:39"]
[PlyCount "55"]
[TimeControl "2700+10"]

1. d4 d5 2. c4 c6 3. Nc3 Nf6 4. e3 e6 5. Nf3 Nbd7 6. Qc2 Bd6 7. Bd3 O-O 8.
O-O dxc4 9. Bxc4 b5 10. Be2 Bb7 11. e4 e5 12. dxe5 Nxe5 13. Nh4 g6 14. f4
Bc5+ 15. Kh1 Neg4 16. e5 Nf2+ 17. Rxf2 Bxf2 18. Nf3 Nd5 19. Ne4 Bb6 20. f5
Be3 21. Nf6+ Nxf6 22. Bxe3 Ng4 23. Bc5 Re8 24. e6 Qf6 25. exf7+ Qxf7 26.
Ng5 Rxe2 27. Qxe2 Qxf5 28. Qe7 { Black resigns } 1-0

[Event "ICC tourney 2501 (45 10)"]
[Site "Internet Chess Club"]
[Date "2021.04.10"]
[Round "3"]
[White "RAMESH, RAHUL:rockinroll"]
[Black "WANG, ALEXANDER J:ickyquarter"]
[Result "1-0"]
[ICCResult "Black resigns"]
[WhiteElo "1773"]
[BlackElo "2077"]
[Opening "Queen's pawn: London system"]
[ECO "A45"]
[NIC "QP.07"]
[Time "16:01:32"]
[PlyCount "67"]
[TimeControl "2700+10"]

1. d4 Nf6 2. Bf4 g6 3. Nc3 d6 4. e4 Bg7 5. Qd2 O-O 6. O-O-O c6 7. Bh6 Nbd7
8. h4 b5 9. f3 Qa5 10. Kb1 b4 11. Nce2 Ba6 12. h5 Nxh5 13. g4 Nhf6 14. Bxg7
Kxg7 15. Qh6+ Kg8 16. g5 Nh5 17. Ng3 Ndf6 18. gxf6 Nxf6 19. Bxa6 Qxa6 20.
e5 dxe5 21. dxe5 Rfd8 22. Rc1 Nh5 23. Rxh5 e6 24. Qxh7+ Kf8 25. Qh8+ Ke7
26. Qf6+ Kd7 27. Qxf7+ Kc8 28. Rh7 Qb6 29. Qxe6+ Kb8 30. Rd7 Rxd7 31. Qxd7
Qe3 32. Rd1 a5 33. Qxc6 Ka7 34. Rd7+ { Black resigns } 1-0

[Event "ICC tourney 2501 (45 10)"]
[Site "Internet Chess Club"]
[Date "2021.04.10"]
[Round "3"]
[White "Qiao, Ethan:CougarForest"]
[Black "GAO, MARVIN:kaiclc"]
[Result "0-1"]
[ICCResult "White resigns"]
[WhiteElo "1528"]
[BlackElo "2023"]
[Opening "Sicilian defense"]
[ECO "B34"]
[NIC "SI.34"]
[Time "16:01:28"]
[PlyCount "92"]
[TimeControl "2700+10"]

1. e4 c5 2. Nf3 Nc6 3. d4 cxd4 4. Nxd4 Nf6 5. Nc3 g6 6. Be3 Bg7 7. Nb3 O-O
8. Be2 a6 9. O-O b5 10. Bf3 Ne5 11. Bd4 Nxf3+ 12. Qxf3 Bb7 13. Nc5 Bc6 14.
Nd5 d6 15. Bxf6 exf6 16. Nd3 Rc8 17. N3f4 Re8 18. Rad1 Re5 19. Rd2 Qe8 20.
Re1 f5 21. Rde2 g5 22. Nd3 fxe4 23. Rxe4 Bxd5 24. Rxe5 Qxe5 25. Nxe5 Bxf3
26. Nxf3 Rxc2 27. h3 Bxb2 28. Nxg5 Bd4 29. Re8+ Kg7 30. Rd8 Bf6 31. Rxd6
Bxg5 32. Rxa6 Be7 33. g3 Bc5 34. Ra5 Bxf2+ 35. Kf1 b4 36. Rb5 Bc5 37. Ra5
Bd6 38. g4 Rh2 39. Rd5 Be7 40. Re5 Kf8 41. Rh5 Rxa2 42. Rb5 Rh2 43. Rh5 b3
44. Rxh7 b2 45. Rh8+ Kg7 46. Rb8 Rh1+ { White resigns } 0-1

[Event "ICC tourney 2501 (45 10)"]
[Site "Internet Chess Club"]
[Date "2021.04.10"]
[Round "3"]
[White "GUSEINOV, GADIR:GGuseinov"]
[Black "Vittal, Sanjana:MCTS13"]
[Result "1-0"]
[ICCResult "Black resigns"]
[WhiteElo "2715"]
[BlackElo "2206"]
[Opening "Ruy Lopez: exchange variation, 5.O-O"]
[ECO "C68"]
[NIC "RL.08"]
[Time "16:01:44"]
[PlyCount "83"]
[TimeControl "2700+10"]

1. e4 e5 2. Nf3 Nc6 3. Bb5 a6 4. Bxc6 dxc6 5. O-O Qf6 6. d4 exd4 7. Bg5 Qg6
8. Qxd4 f6 9. Bf4 Bg4 10. Nbd2 Bd6 11. Bxd6 O-O-O 12. e5 Bxf3 13. Nxf3 Nh6
14. Qa7 cxd6 15. exd6 Rxd6 16. Qa8+ Kc7 17. Qxh8 Rd8 18. Nh4 Rxh8 19. Nxg6
hxg6 20. Rfe1 Nf5 21. Rad1 Kc8 22. g4 Nh4 23. Re7 Nf3+ 24. Kg2 Ne5 25. h3
Rg8 26. f4 Nc4 27. b3 Nb6 28. c4 a5 29. a4 f5 30. Kg3 g5 31. fxg5 fxg4 32.
Kxg4 g6 33. Rde1 Nd7 34. Re8+ Rxe8 35. Rxe8+ Kc7 36. h4 c5 37. h5 gxh5+ 38.
Kxh5 Kb6 39. Re6+ Ka7 40. g6 Nf8 41. Rd6 b5 42. g7 { Black resigns } 1-0